 Dungeon Crawl Stone Soup version 0.30.0-5-g1a98f26d00 (webtiles) character file.

Game seed: 17128938756531772124

358 Darkkill the Shooter (level 6, 0/53 HPs)
             Began as a Minotaur Hunter on May 12, 2023.
             Succumbed to Dowan's poison
             ... on level 4 of the Dungeon.
             The game lasted 00:05:47 (2649 turns).

Darkkill the Shooter (Minotaur Hunter)              Turns: 2649, Time: 00:05:48

Health: 0/53       AC:  7    Str: 16    XL:     6   Next: 37%
Magic:  1/5        EV: 13    Int:  6    God:
Gold:   173        SH:  0    Dex: 15    Spells: 5/5 levels left

rFire   . . .        a - +1 shortbow
rCold   . . .        (shield currently unavailable)
rNeg    . . .        c - +2 leather armour
rPois   .            j - +2 hat
rElec   .            i - scarf {harm}
rCorr   .            (no gloves)
SInv    .            (no boots)
Will    .....        k - amulet of guardian spirit
Stlth   +            (no ring)
HPRegen 0.28/turn    (no ring)
MPRegen 0.09/turn

%: harm (+30% outgoing, +20% incoming), guardian spirit
@: lethally poisoned (0 -> -9), lit by a corona, glowing
A: horns 2, retaliatory headbutt
a: no special abilities


You were on level 4 of the Dungeon.
You visited 1 branch of the dungeon, and saw 4 of its levels.
You also visited: Sewer.

You collected 173 gold pieces.

Inventory:

Hand Weapons
 a - a +1 shortbow (weapon)
Missiles
 f - 38 stones
 r - 3 boomerangs
 s - 7 poisoned darts
Armour
 c - a +2 leather armour (worn)
 i - a scarf of harm (worn)
 j - a +2 hat (worn)
Jewellery
 k - an amulet of guardian spirit (around neck)
Wands
 o - a wand of mindburst (6)
Scrolls
 b - a scroll of immolation
 h - 2 scrolls of teleportation
Potions
 e - a potion of lignification
 g - a potion of might
 l - 2 potions of cancellation
 m - a potion of mutation


   Skills:
 + Level 4.5 Fighting
 + Level 5.6 Ranged Weapons
 + Level 4.2 Dodging
 + Level 2.9 Stealth


You had 5 spell levels left.
You didn't know any spells.
Your spell library was empty.

Dungeon Overview and Level Annotations

Branches:
Dungeon (4/15)              Sewer (visited)
 Temple: D:4-7

Altars:
Elyvilon
Ru

Annotations:
D:3 1 runed translucent door, Crazy Yiuf
D:4 Dowan, Duvessa


Innate Abilities, Weirdness & Mutations

You have a pair of horns on your head.
You reflexively headbutt those who attack you in melee.


Message History

Press: ? - help, Q - select action, (/) - cycle Shift-Dir - straight line, f/p - Duvessa
Aim: Duvessa, wielding a +0 short sword and wearing a +0 leather armour (lightly wounded, 68% to hit)
You shoot an arrow. The arrow hits Duvessa.
Duvessa is lightly wounded.
Fire: a) +1 shortbow
Press: ? - help, Q - select action, (/) - cycle Shift-Dir - straight line, f/p - Duvessa
Aim: Duvessa, wielding a +0 short sword and wearing a +0 leather armour (lightly wounded, 68% to hit)
You shoot an arrow. The arrow hits Duvessa.
Duvessa is moderately wounded.
Dowan casts a spell.
Dowan blinks!
Fire: a) +1 shortbow
Press: ? - help, Q - select action, (/) - cycle Shift-Dir - straight line, f/p - Duvessa
Aim: Duvessa, wielding a +0 short sword and wearing a +0 leather armour (moderately wounded, 68% to hit)
You shoot an arrow. The arrow barely misses Duvessa.
Dowan points at you and mumbles some strange words.
The puff of frost hits you.
Fire: a) +1 shortbow
Press: ? - help, Q - select action, (/) - cycle Shift-Dir - straight line, f/p - Duvessa
Aim: Duvessa, wielding a +0 short sword and wearing a +0 leather armour (moderately wounded, 68% to hit)
You shoot an arrow. The arrow hits Duvessa.
Duvessa is moderately wounded.
Dowan casts a spell at you.
You are outlined in light.
Duvessa hits you with a +0 short sword.
Fire: a) +1 shortbow
Press: ? - help, Q - select action, (/) - cycle Shift-Dir - straight line, f/p - Duvessa
Aim: Duvessa, wielding a +0 short sword and wearing a +0 leather armour (moderately wounded, 68% to hit)
You shoot an arrow. The arrow hits Duvessa.
Duvessa is moderately wounded.
Dowan barely misses you. You furiously retaliate!
You headbutt Dowan. Duvessa hits you but does no damage.
Dowan smirks and points a slender finger.
Dowan gestures at you while chanting.
The puff of flame hits you but does no damage.
Duvessa hits you but does no damage.
Fire: a) +1 shortbow
Press: ? - help, Q - select action, (/) - cycle Shift-Dir - straight line, f/p - Duvessa
Aim: Duvessa, wielding a +0 short sword and wearing a +0 leather armour (moderately wounded, 68% to hit)
You shoot an arrow. The arrow hits Duvessa.
Duvessa is heavily wounded.
Duvessa hits you with a +0 short sword! Dowan closely misses you.
Fire: a) +1 shortbow
Press: ? - help, Q - select action, (/) - cycle Shift-Dir - straight line, f/p - Duvessa
Aim: Duvessa, wielding a +0 short sword and wearing a +0 leather armour (heavily wounded, 68% to hit)
You shoot an arrow. The arrow hits Duvessa.
Duvessa is severely wounded.
Duvessa barely misses you. You furiously retaliate!
You headbutt Duvessa.
Dowan hits you with a +2 dagger of venom.
You are poisoned.
Fire: a) +1 shortbow
Press: ? - help, Q - select action, (/) - cycle Shift-Dir - straight line, f/p - Duvessa
Aim: Duvessa, wielding a +0 short sword and wearing a +0 leather armour (severely wounded, 68% to hit)
You shoot an arrow. The arrow barely misses Duvessa.
You feel very sick. Dowan closely misses you. Duvessa barely misses you.
Fire: a) +1 shortbow
Press: ? - help, Q - select action, (/) - cycle Shift-Dir - straight line, f/p - Duvessa
Aim: Duvessa, wielding a +0 short sword and wearing a +0 leather armour (severely wounded, 68% to hit)
Okay, then.
Fire: a) +1 shortbow
Press: ? - help, Q - select action, (/) - cycle Shift-Dir - straight line, f/p - Duvessa
Aim: Duvessa, wielding a +0 short sword and wearing a +0 leather armour (severely wounded, 68% to hit)
You shoot an arrow. The arrow hits Duvessa.
Duvessa is almost dead.
You feel sick.
Dowan hits you with a +2 dagger of venom.
You are more poisoned.
Duvessa hits you with a +0 short sword!
Dowan hits you with a +2 dagger of venom.
You are more poisoned.
Duvessa drinks a potion.
Duvessa is healed!
Fire: a) +1 shortbow
Press: ? - help, Q - select action, (/) - cycle Shift-Dir - straight line, f/p - Duvessa
Aim: Duvessa, wielding a +0 short sword and wearing a +0 leather armour (moderately wounded, 68% to hit)
You shoot an arrow. The arrow barely misses Duvessa.
You feel very sick. Duvessa hits you with a +0 short sword.
Dowan closely misses you.
Fire: a) +1 shortbow
Press: ? - help, Q - select action, (/) - cycle Shift-Dir - straight line, f/p - Duvessa
Aim: Duvessa, wielding a +0 short sword and wearing a +0 leather armour (moderately wounded, 68% to hit)
You shoot an arrow. The arrow barely misses Duvessa.
* * * LOW HITPOINT WARNING * * *
You feel very sick. Duvessa hits you with a +0 short sword.
* * * LOW HITPOINT WARNING * * *
Dowan barely misses you.
Fire: a) +1 shortbow
Press: ? - help, Q - select action, (/) - cycle Shift-Dir - straight line, f/p - Duvessa
Aim: Duvessa, wielding a +0 short sword and wearing a +0 leather armour (moderately wounded, 68% to hit)
Okay, then.
It was a potion of magic.
Magic courses through your body.
* * * LOW HITPOINT WARNING * * *
You feel very sick.
Dowan hits you with a +2 dagger of venom.
* * * LOW HITPOINT WARNING * * *
Duvessa hits you with a +0 short sword.
* * * LOW HITPOINT WARNING * * *
Duvessa attacks as you move away! Duvessa hits you with a +0 short sword.
* * * LOW HITPOINT WARNING * * *
You die...

########
#......# ######
#....†<# #....#
##......###.##)#
........#)..##.#
........#)####.#
........#.# #.#
........#.#
#)###
..........#
#..@#
.......####
###.# ########
#.....ee#
#.#######


You could see Duvessa and Dowan.

Vanquished Creatures
  A scorpion (D:4)
  3 jellies (Sewer)
  An orc priest (D:4)
  4 adders
  3 river rats (Sewer)
  8 worms
  11 orcs
  15 ball pythons
  12 endoplasms
  5 giant cockroaches
  6 goblins
  2 hobgoblins
  3 quokkas
  3 bats
  5 frilled lizards
  4 kobolds
  9 rats
95 creatures vanquished.

Notes
Turn   | Place    | Note
-------+----------+-------------------------------------------
     0 | D:1      | Darkkill the Minotaur Hunter began the quest for the Orb.
     0 | D:1      | Reached XP level 1. HP: 18/18 MP: 0/0
    92 | D:1      | Reached skill level 1 in Stealth
   208 | D:1      | Reached XP level 2. HP: 25/25 MP: 1/1
   690 | D:2      | Reached XP level 3. HP: 31/31 MP: 2/2
   863 | D:2      | Found a sacrificial altar of Ru.
  1394 | D:3      | Reached XP level 4. HP: 38/38 MP: 3/3
  1408 | D:3      | Found a glowing drain.
  1422 | Sewer    | Entered a sewer
  1535 | Sewer    | Reached skill level 5 in Ranged Weapons
  1656 | Sewer    | Reached XP level 5. HP: 46/46 MP: 4/4
  1683 | Sewer    | Found a viscous altar of Jiyva.
  2292 | D:3      | Found a runed translucent door.
  2293 | D:3      | Noticed Crazy Yiuf
  2431 | D:3      | Found a white marble altar of Elyvilon.
  2567 | D:4      | Reached XP level 6. HP: 46/53 MP: 3/5
  2635 | D:4      | Noticed Duvessa
  2635 | D:4      | Noticed Dowan
  2647 | D:4      | HP: 8/53 [Duvessa/+0 short sword (6)]
  2648 | D:4      | HP: 3/53 [Duvessa/+0 short sword (1)]
  2649 | D:4      | HP: 1/53 [Duvessa/+0 short sword (2)]
  2649 | D:4      | Succumbed to Dowan's poison

Illustrated notes

Levels and vault maps discovered:
D:1:      nzn_arrival_crosshair, layout_basic, minmay_misc_feat_chi,
          minmay_pentomino_z4
D:2:      layout_loops_ring, basic_altar, nicolae_eternal_life
D:3:      layout_loops_ring, nicolae_overflow_hidden_temple,
          cheibrodos_sewer_entry_sluice, uniq_crazy_yiuf_cottage
D:4:      minmay_octagon_keep, layout_basic, uniq_duvessa

Skill      XL: |  1  2  3  4  5 |
---------------+----------------+-----
Stealth        | 1 2 |  2.9
Fighting       | 3 4 |  4.5
Dodging        | 3 4 |  4.2
Ranged Weapons | 5 |  5.6

Action                     |  1- 3 |  4- 6 || total
---------------------------+-------+-------++-------
   Fire: Shortbow          |    95 |   163 ||   258
    Use: Scroll            |     7 |     5 ||    12
         Potion            |       |     1 ||     1
 Armour: Leather armour    |     1 |    20 ||    21
  Dodge: Dodged            |    12 |    41 ||    53

Levels and vault maps discovered:
D:1:      nzn_arrival_crosshair, layout_basic, minmay_misc_feat_chi,
          minmay_pentomino_z4
D:2:      layout_loops_ring, basic_altar, nicolae_eternal_life
D:3:      layout_loops_ring, nicolae_overflow_hidden_temple,
          cheibrodos_sewer_entry_sluice, uniq_crazy_yiuf_cottage
D:4:      minmay_octagon_keep, layout_basic, uniq_duvessa

Table legend: (Time is in decaauts)
 A = Elapsed time spent in this place.
 B = Non-inter-level travel time spent in this place.
 C = Inter-level travel time spent in this place.
 D = Time resting spent in this place.
 E = Time spent auto-exploring this place.
 F = Levels seen in this place.
 G = Mean time per level.
                   A        B        C        D        E       F      G
               +--------+--------+--------+--------+--------+-----+--------+
         Total |   2748 |   2719 |     29 |     71 |   2068 |   5 |  549.6 |
       Dungeon |   2306 |   2277 |     29 |      0 |   1858 |   4 |  576.5 |
         Sewer |    441 |    441 |      0 |     71 |    210 |   1 |  441.0 |
               +--------+--------+--------+--------+--------+-----+--------+

Top non-repeatable levels by time:
     D:3: 843 daAuts
     D:2: 734 daAuts
     D:1: 628 daAuts
   Sewer: 441 daAuts
     D:4: 100 daAuts

Table legend:
 A = Kills in this place as a percentage of kills in the entire game.
 B = Kills by you in this place as a percentage of kills by you in the entire game.
 C = Kills by friends in this place as a percentage of kills by friends in the entire game.
 D = Other kills in this place as a percentage of other kills in the entire game.
 E = Experience gained in this place as a percentage of experience gained in the entire game.
 F = Experience gained in this place divided by the number of levels of this place that you have seen.
                   A       B       C       D       E      F
               +-------+-------+-------+-------+-------+----------------------
         Total | 100.0 | 100.0 |   N/A |   N/A | 100.0 | 102.4
       Dungeon |  69.5 |  69.5 |   N/A |   N/A |  55.7 |  71.2
         Sewer |  30.5 |  30.5 |   N/A |   N/A |  44.3 | 227.0
               +-------+-------+-------+-------+-------+----------------------
